 Dungeon Crawl Stone Soup version 0.29-a0-857-g9b1aa3ac5b (webtiles) character file.

Game seed: 6204250109195128240

37 mcwallace the Chiller (level 3, 0/26 HPs)
             Began as a Demonspawn Ice Elementalist on July 17, 2022.
             Slain by a phantom (6 damage)
             ... on level 2 of the Dungeon.
             The game lasted 00:03:25 (2177 turns).

mcwallace the Chiller (Demonspawn Ice Elementalist) Turns: 2177, Time: 00:03:25

Health: 0/26       AC:  2    Str:  8    XL:     3   Next: 21%
Magic:  4/6        EV: 12    Int: 18    God:
Gold:   50         SH:  0    Dex: 13    Spells: 2/6 levels left

rFire   + . .      SeeInvis .   m - +2 whip (freeze) {mace}
rCold   . . .      Faith    .   (no shield)
rNeg    . . .      Spirit   .   a - +0 robe
rPois   .          Reflect  .   (no helmet)
rElec   .          Harm     .   (no cloak)
rCorr   .          Rampage  .   (no gloves)
Will    .....                   (no boots)
Stlth   ++........              (no amulet)
HPRegen 0.08/turn               c - ring of protection from fire
MPRegen 0.10/turn               (no ring)

@: no status effects
A: hooves 1
a: no special abilities


You were on level 2 of the Dungeon.
You visited 1 branch of the dungeon, and saw 2 of its levels.

You collected 50 gold pieces.


Innate Abilities, Weirdness & Mutations

You have large cloven feet.


   Skills:
 + Level 1.1 Fighting
 + Level 2.2 Dodging
 - Level 1.7 Stealth
 + Level 2.3 Spellcasting
 + Level 3.9 Ice Magic


You had 2 spell levels left.
You knew the following spells:

 Your Spells              Type           Power      Damage    Failure   Level
a - Freeze                Ice            64%        1d8       3%          1
b - Frozen Ramparts       Ice            32%        1d5       11%         3

Your spell library contained the following spells:

 Spells                   Type           Power      Damage    Failure   Level
 Ozocubu's Armour         Ice            16%        N/A       11%         3
 Conjure Flame            Conj/Fire      2%         6-21      45%         3
 Ignite Poison            Fire/Tmut/Pois 2%         N/A       45%         3
 Hailstorm                Conj/Ice       9%         3d4       61%         4
 Sticky Flame             Conj/Fire      2%         2d3       86%         4

Inventory:

Hand Weapons
 e - a +0 whip {mace}
   (You found it on level 1 of the Dungeon)
 m - a +2 whip of freezing (weapon) {mace}
   (You found it on level 1 of the Dungeon)
Missiles
 n - 7 stones {throwing}
Armour
 a - a +0 robe (worn)
 j - a +0 robe
   (You found it on level 1 of the Dungeon)
 k - a +0 robe
   (You found it on level 1 of the Dungeon)
Jewellery
 c - a ring of protection from fire (left hand)
   (You found it on level 1 of the Dungeon)
Scrolls
 d - 2 scrolls of identify {unknown}
 g - a scroll of enchant weapon {unknown}
 h - a scroll of blinking {unknown}
 o - a scroll of noise {unknown}
 p - a scroll of poison {unknown}
Potions
 b - a potion of magic
 f - a potion of brilliance {unknown}
 i - a potion of might {unknown}
 l - 2 potions of heal wounds {unknown}

Dungeon Overview and Level Annotations

Branches:
Dungeon (2/15) Zot: 9806

Altars:

... #.b
#..###################
#.....................
#>.........
..........##
#.#..#.#.###... .....#
#.#.(......#.# #.#.###
+......$W@...# #......
#.#........#.# #
###.### #.#.......## #.
#.### #ยง#...[....#
#.###.... #........#.#
...#..#. ####..##.#.#
#.#..#. #.โ€ .....#..
##......
#.##############.....##
#.##.######...##.......


You could see a phantom.


Message History

You barely miss the rat. The rat bites you. ๐Ÿ˜• HP[-1]
You take 1 damage, and now have 24/26 hp.
You hit the rat. You freeze the rat. The rat closely misses you.
You hit the rat. You freeze the rat.
You kill the rat!
No target in view!
Key pressed, stopping explore.
No target in view! ๐Ÿ˜• HP[+1] Key pressed, stopping explore.
A bat comes into view. ๐Ÿ˜Ž HP[+1]
Your hp is fully restored (26).
A bat is nearby!
A bat is nearby!
A bat is nearby!
A frilled lizard comes into view.
The frilled lizard hisses angrily.
You hit the bat. You freeze the bat.
You kill the bat!
You hit the frilled lizard.
The frilled lizard seems to slow down.
You freeze the frilled lizard.
You kill the frilled lizard!
No target in view!
No target in view!
No target in view!
You see here a bat corpse.
A phantom comes into view.
Found a stone staircase leading down.
You see here a +0 robe.
A phantom is nearby!
A phantom is nearby!
A phantom is nearby!
Casting: Freeze (safe; 3% risk of failure)
Confirm with . or Enter, or press ? or * to list all spells.
Okay, then.
This spell is quite dangerous to cast!
Memorise Frozen Ramparts, consuming 3 spell levels and leaving 2?
You start memorising the spell.
You continue memorising. x3
You finish memorising.
Spell assigned to 'b'.
Okay, then.
You see here a +0 robe.
A bat comes into view.
Casting: Freeze (safe; 3% risk of failure)
Confirm with . or Enter, or press ? or * to list all spells.
The spell is quite dangerous to miscast (11% risk of failure)!
Continue anyway?
Casting: Frozen Ramparts (quite dangerous; 11% risk of failure)
Press: ? - help, Dir - look around, f - activate The walls around you are covered in ice. ๐Ÿ˜Ž MP[-3]
You lost 3 mp, and now have 3/6 mp.
The phantom completely resists.
The wall freezes the phantom but does no damage.
You hit the phantom.
The phantom completely resists.
The wall freezes the phantom but does no damage.
The phantom hits you. ๐Ÿ˜• HP[-2]
You take 2 damage, and now have 24/26 hp.
You hit the phantom.
The phantom resists.
The wall freezes the phantom.
The phantom misses you.
The phantom completely resists.
The wall freezes the phantom but does no damage.
The phantom hits you! ๐Ÿ˜ฎ HP[-7]
You take 7 damage, and now have 17/26 hp.
MASSIVE DAMAGE!! (PAUSE)
You hit the phantom. You kick the phantom, but do no damage.
The phantom completely resists.
The wall freezes the phantom but does no damage.
The phantom hits you.
* * * LOW HITPOINT WARNING * * *
๐Ÿ˜จ HP[-5]
You take 5 damage, and now have 12/26 hp.
You hit the phantom.
The phantom completely resists.
The wall freezes the phantom but does no damage.
The phantom barely misses you.
You closely miss the phantom. Your kick misses the phantom.
The phantom completely resists.
The wall freezes the phantom but does no damage.
The phantom closely misses you.
You hit the phantom. Your kick misses the phantom.
The phantom completely resists.
The wall freezes the phantom but does no damage.
The phantom hits you.
* * * LOW HITPOINT WARNING * * *
The phantom blinks!
You blink.
The frozen ramparts melt away as you move. ๐Ÿ˜จ HP[-3]
You take 3 damage, and now have 9/26 hp.
You barely miss the phantom. You kick the phantom. The phantom hits you.
* * * LOW HITPOINT WARNING * * *
The phantom blinks!
You blink. ๐Ÿ˜ฑ HP[-3] MP[+1]
You take 3 damage, and now have 6/26 hp.
You closely miss the phantom.
The phantom hits you but does no damage.
You barely miss the phantom. The phantom hits you.
You die...

Skill      XL: |  1  2 |
---------------+-------+-----
Dodging        | 2 |  2.2
Fighting       | 1 |  1.1
Stealth        | |  1.7
Spellcasting   | |  2.3
Ice Magic      | |  3.9

Action                   || total
-------------------------++-------
Melee: Whip              ||    74
       Kick              ||    14
 Cast: Freeze            ||    23
       Frozen Ramparts   ||     1
 Stab: Sleeping          ||     1
Armor: Robe              ||    18
Dodge: Dodged            ||    53

Levels and vault maps discovered:
D:1:      saegor_arrival_under_anarchy, layout_loops_corners,
          dreamdust_ecumenical_altar_drowned_temple
D:2:      layout_basic, minmay_misc_feat_five

Notes
Turn   | Place    | Note
-------+----------+-------------------------------------------
     0 | D:1      | mcwallace the Demonspawn Ice Elementalist began the quest
                  | for the Orb.
     0 | D:1      | Reached XP level 1. HP: 13/13 MP: 3/3
     0 | D:1      | magus.rc [v1.9.6]
   510 | D:1      | Found a faded altar of an unknown god.
   707 | D:1      | Reached skill level 2 in Dodging
  1029 | D:1      | Gained mutation: You have large cloven feet. [demonic
                  | ancestry]
  1029 | D:1      | Reached XP level 2. HP: 20/20 MP: 3/5
  1199 | D:1      | You add the spells Conjure Flame, Ignite Poison and Sticky
                  | Flame to your library.
  1525 | D:2      | Reached skill level 1 in Fighting
  1591 | D:2      | HP: 3/21 [quokka (5)]
  1593 | D:2      | Reached XP level 3. HP: 4/26 MP: 0/6
  2145 | D:2      | Noticed a phantom
  2154 | D:2      | Learned a level 3 spell: Frozen Ramparts
  2175 | D:2      | HP: 6/26 [phantom (3)]
  2177 | D:2      | Slain by a phantom

Vanquished Creatures
  6 endoplasms
  A giant cockroach (D:2)
  5 goblins
  3 hobgoblins
  3 quokkas (D:2)
  3 ball pythons (D:1)
  2 bats (D:2)
  5 frilled lizards
  2 kobolds
  4 rats
  A spectral kobold (D:1)
35 creatures vanquished.

Table legend:
 A = Non-vault XP
 B = Vault XP
 C = Vault XP percentage of total XP
 D = Non-vault monster count
 E = Vault monster count
 F = Vault count percentage of total count
                 A         B        C        D         E       F
            +---------+---------+-------+---------+---------+-------
      Total |      52 |       1 |   1.9 |      34 |       1 |   2.9
            +---------+---------+-------+---------+---------+-------
        D:1 |      26 |       1 |   3.7 |      18 |       1 |   5.3
        D:2 |      26 |       0 |   0.0 |      16 |       0 |   0.0
            +---------+---------+-------+---------+---------+-------

Illustrated notes

Table legend:
 A = Kills in this place as a percentage of kills in entire the game.
 B = Kills by you in this place as a percentage of kills by you in the entire game.
 C = Kills by friends in this place as a percentage of kills by friends in the entire game.
 D = Other kills in this place as a percentage of other kills in the entire game.
 E = Experience gained in this place as a percentage of experience gained in the entire game.
 F = Experience gained in this place divided by the number of levels of this place that you have seen.
                   A       B       C       D       E      F
               +-------+-------+-------+-------+-------+----------------------
         Total | 100.0 | 100.0 |   N/A |   N/A | 100.0 |  26.5
       Dungeon | 100.0 | 100.0 |   N/A |   N/A | 100.0 |  26.5
               +-------+-------+-------+-------+-------+----------------------

Table legend: (Time is in decaauts)
 A = Elapsed time spent in this place.
 B = Non-inter-level travel time spent in this place.
 C = Inter-level travel time spent in this place.
 D = Time resting spent in this place.
 E = Time spent auto-exploring this place.
 F = Levels seen in this place.
 G = Mean time per level.
                   A        B        C        D        E       F      G
               +--------+--------+--------+--------+--------+-----+--------+
         Total |   2192 |   2119 |     73 |    279 |   1562 |   2 | 1096.0 |
       Dungeon |   2192 |   2119 |     73 |    279 |   1562 |   2 | 1096.0 |
               +--------+--------+--------+--------+--------+-----+--------+

Top non-repeatable levels by time:
     D:1: 1760 daAuts
     D:2: 431 daAuts
